 Dungeon Crawl Stone Soup version 0.25-a0-464-g3004169c2b (webtiles) character file.

Game seed: 18012541328799095898, levelgen mode: deterministic

35781 MrRokkomies the Nimble (level 14, -5/94 HPs)
             Began as a Kobold Hunter on Feb 2, 2020.
             Was a High Priest of Dithmenos.
             Slain by a minotaur (10 damage)
             ... in a Gauntlet on Feb 4, 2020.
             The game lasted 00:48:37 (19681 turns).

MrRokkomies the Nimble (Kobold Hunter)             Turns: 19681, Time: 00:48:39

Health: -5/94      AC: 16    Str: 28    XL:     14   Next: 20%
Magic:  19/19      EV: 35    Int: 16    God:    Dithmenos [*****.]
Gold:   2482       SH:  0    Dex: 28    Spells: 13/13 levels left

rFire    . . .     SeeInvis +   b - +2 hand crossbow
rCold    + . .     Gourm    .   (shield restricted)
rNeg     . . .     Faith    .   l - +0 acid dragon scales
rPois    .         Spirit   .   D - +2 helmet of the Buccaneer {Int+4}
rElec    .         Reflect  .   g - +2 cloak of the Imp {Dex+3 Stlth+}
rCorr    +         Harm     .   q - +2 pair of gloves
MR       +....     NoTele   +   S - +0 pair of boots
Stlth    ++++++++++             H - amulet of Mequf {Acrobat Fragile Str+6}
HPRegen  0.25/turn              m - ring of Cunnonud {rC+ Str+6 Dex+3 SInv}
MPRegen  0.16/turn              G - +5 ring of strength

@: agile, wreathed by umbra
A: small, blink, carnivore, dopey 1
a: Blink, Shadow Step, Shadow Form, Renounce Religion


You were in a Gauntlet.
You worshipped Dithmenos.
Dithmenos was extremely pleased with you.
You were not hungry.

You visited 2 branches of the dungeon, and saw 15 of its levels.
You also visited: Bailey and Gauntlet.

You collected 2738 gold pieces.
You spent 256 gold pieces at shops.

Inventory:

Hand Weapons
 a - a +1 dagger of venom
 b - a +2 hand crossbow (weapon)
 u - the +2 dagger of Iconoclasm {flame, rC+ Stlth+}
   (You found it on level 6 of the Dungeon)

   It has been specially enchanted to burn those struck by it, causing extra
   injury to most foes and up to half again as much damage against particularly
   susceptible opponents.
   It protects you from cold.
   It makes you more stealthy.
 y - a +0 short sword of holy wrath
Missiles
 d - 100 bolts (quivered)
 k - 69 poisoned darts
Armour
 g - the +2 cloak of the Imp (worn) {Dex+3 Stlth+}
   (You bought it in a shop on level 6 of the Dungeon)

   It affects your dexterity (+3).
   It makes you more stealthy.
   If you remove this armour, your AC will fall 3 points (16 -> 13)
 l - +0 acid dragon scales (worn)
 q - a +2 pair of gloves (worn)
 D - the +2 helmet of the Buccaneer (worn) {Int+4}
   (You found it in a Gauntlet)

   It affects your intelligence (+4).
   If you remove this armour, your AC will fall 3 points (16 -> 13)
 S - a +0 pair of boots (worn)
Jewellery
 m - the ring of Cunnonud (left hand) {rC+ Str+6 Dex+3 SInv}
   (You found it on level 3 of the Lair of Beasts)

   [ring of see invisible]

   It affects your strength (+6).
   It affects your dexterity (+3).
   It protects you from cold.
   It lets you see invisible.
 B - an uncursed ring of see invisible
 G - a +5 ring of strength (right hand)
 H - the amulet of Mequf (around neck) {Acrobat Fragile Str+6}
   (You took it off a centaur warrior on level 11 of the Dungeon)

   [amulet of the acrobat]

   It helps you evade while moving and waiting.
   It affects your strength (+6).
   It will be destroyed if unequipped.
 U - an uncursed ring of protection from cold
 V - an uncursed amulet of regeneration
Wands
 n - a wand of disintegration (4)
 t - a wand of flame (12)
 I - a wand of paralysis (12)
 M - a wand of enslavement (12)
 O - a wand of clouds (2)
 P - a wand of polymorph (4)
Scrolls
 e - 8 scrolls of identify
 h - 4 scrolls of remove curse
 r - 2 scrolls of enchant armour
 s - 5 scrolls of teleportation
 z - 2 scrolls of immolation
 A - 5 scrolls of fog
 L - a scroll of vulnerability
 N - 2 scrolls of enchant weapon
 Q - 2 scrolls of fear
Potions
 i - 2 potions of might
 j - a potion of agility
 o - 5 potions of lignification
 p - a potion of magic
 v - 2 potions of cancellation
 w - 3 potions of resistance
 C - a potion of ambrosia
 E - a potion of brilliance
 K - 4 potions of curing
Miscellaneous
 c - a lightning rod (4/4)
 R - a fan of gales (inert)
Comestibles
 f - 25 rations


   Skills:
 * Level 13.0 Fighting
 - Level 10.0 Short Blades
 - Level 10.0 Crossbows
 * Level 13.7 Dodging
 + Level 13.6 Stealth
 - Level 5.1 Invocations
 + Level 7.4 Evocations


You had 13 spell levels left.
You didn't know any spells.
Your spell library contained the following spells:

 Spells                   Type           Power        Failure   Level  Hunger
 Corona                   Hex            #......      30%         1    ##.....
 Summon Small Mammal      Summ           #...         30%         1    ##.....
 Call Imp                 Summ           #.......     43%         2    ###....
 Ensorcelled Hibernation  Hex/Ice        #.....       43%         2    ###....
 Passwall                 Tmut/Erth      #.......     43%         2    ###....
 Sublimation of Blood     Necr           #.........   43%         2    ###....
 Call Canine Familiar     Summ           #.......     67%         3    ####...
 Confusing Touch          Hex            #.......     67%         3    ####...
 Dazzling Flash           Conj/Hex       #.....       67%         3    ####...
 Ignite Poison            Fire/Tmut/Pois #.......     67%         3    ####...
 Summon Guardian Golem    Hex/Summ       #.......     67%         3    ####...
 Tukima's Dance           Hex            #.......     67%         3    ####...
 Petrify                  Tmut/Erth      #.......     97%         4    #####..
 Summon Ice Beast         Ice/Summ       #.......     97%         4    #####..
 Summon Lightning Spire   Summ/Air       #.......     97%         4    #####..
 Alistair's Intoxication  Tmut/Pois      #.......     100%        5    ######.
 Irradiate                Conj/Tmut      #.........   100%        5    ######.
 Eringya's Noxious Bog    Tmut/Pois      #.........   100%        6    #######
 Statue Form              Tmut/Erth      #........    100%        6    #######
 Disjunction              Tloc           #.........   100%        8    #######


Dungeon Overview and Level Annotations

Branches:
Dungeon (11/15)            Temple (0/1) D:7            Lair (4/6) D:11
  Swamp (0/4) Lair:2        Snake (0/4) Lair:4          Orc (0/2) D:9
 Bailey (visited)         Gauntlet (1/1)

Altars:
Dithmenos
Makhleb
Qazlal
Ru
Sif Muna
Uskayaw
Xom
Yredelemnul

Shops:
D:6 [

Annotations:
D:6 2 transporters Gauntlet 12 transporters


Innate Abilities, Weirdness & Mutations

You are small and have problems with some larger weapons.
You are carnivorous and can eat meat at any time.
You can translocate small distances at will.
You are dopey. (Int -2)


Message History

Aim: a minotaur, wearing a +0 chain mail and wearing the ring "Moiletat" {rCorr Dex+3} (poison gas, severely wounded, fast, extremely poisoned, umbra)
You shoot a bolt. The bolt hits the minotaur!
The minotaur is severely wounded.
Your shadow shoots a bolt.
The bolt hits the minotaur but does no damage.
The bolt disappears in a puff of smoke!
The minotaur looks as sick as possible!
The minotaur hits you.
* * * LOW HITPOINT WARNING * * *
The minotaur completely misses you.
Firing (i - inventory. (/) - cycle)
d - 101 bolts (quivered)
Press: ? - help, Shift-Dir - straight line, f/p - minotaur
Aim: a minotaur, wearing a +0 chain mail and wearing the ring "Moiletat" {rCorr Dex+3} (poison gas, severely wounded, fast, extremely poisoned, umbra)
You shoot a bolt. The bolt hits the minotaur.
The minotaur is almost dead.
The minotaur is engulfed in poison gas.
The minotaur looks as sick as possible!
The minotaur completely misses you. x2; The minotaur is engulfed in poison gas.
The minotaur looks as sick as possible!
The minotaur hits you!
* * * LOW HITPOINT WARNING * * *
The minotaur gores you!
You die...

#######.###########.###########.#
.................................
..................≈\≈.§..........
#################################
8# #8# #8##≈...............≈##8#
## ### ####8..©.©.©.©.©.©..8####
#§§..............≈#
###.#.#######.#.### #.#§@..#
..#.# #.#H##.# #.§.. ... #§#..
#'## #.#..# .8 # ...# ..# #8.# 8#
## [#


You could see a minotaur.

Vanquished Creatures
  A fire dragon (shapeshifter) (D:11)
  Erolcha (D:9)
  5 hydras
  A catoblepas (Lair:2)
  A centaur warrior (D:11)
  5 two-headed ogres
  5 death yaks
  A skeletal warrior (D:11)
  Pikel (D:5)
  A wizard (D:10)
  An orc knight (Bailey)
  3 manticores (D:11)
  A deep elf mage (D:11)
  3 oklob plants
  A black mamba (Lair:2)
  An ice statue (Gauntlet)
  2 gargoyles (D:11)
  3 spiny frogs
  Maggie (Lair:2)
  2 rime drakes (Gauntlet)
  2 kobold demonologists (D:11)
  A komodo dragon (Lair:2)
  2 tyrant leeches (Lair:2)
  A queen bee (D:10)
  A wolf spider simulacrum (Gauntlet)
  2 hornets
  4 hippogriffs
  A spriggan (D:8)
  A wraith (D:10)
  A redback (D:11)
  A shadow (D:11)
  6 wyverns
  9 yaks (D:9)
  A steam dragon (D:11)
  A vampire mosquito (D:11)
  2 harpy simulacra (Gauntlet)
  7 swamp worms
  A hungry ghost (D:10)
  7 water moccasins
  4 porcupines
  5 black bears
  10 orc warriors
  4 sky beasts
  2 phantoms (D:11)
  2 ice beasts
  A necrophage (D:11)
  3 wolves (Lair:2)
  A boggart (D:11)
  7 centaurs
  10 ogres
  2 big kobolds
  5 crocodiles
  12 bullfrogs
  A wyvern zombie (D:8)
  A scorpion (D:10)
  18 killer bees (D:10)
  13 wights
  8 crimson imps
  A bullfrog zombie (D:11)
  2 centaur zombies
  A bullfrog skeleton (D:9)
  7 hounds
  6 jellies
  3 centaur skeletons
  6 orc priests
  3 iguanas
  4 orc wizards
  11 worker ants
  5 hound zombies
  3 hound skeletons
  A howler monkey zombie (D:6)
  13 gnolls
  A howler monkey skeleton (D:5)
  10 adders
  2 river rats (D:11)
  3 shadow imps
  2 adder skeletons
  6 worms
  A dart slug (D:1)
  7 leopard geckos
  32 orcs
  3 giant cockroaches
  7 goblins
  6 hobgoblins
  23 jackals
  22 kobolds
  4 quokkas
  2 ball pythons (D:3)
  8 bats
  7 frilled lizards
  A quokka skeleton (D:10)
  7 rats
  A spectral orc (D:7)
421 creatures vanquished.

Vanquished Creatures (collateral kills)
  A death yak (Lair:1)
1 creature vanquished.

Vanquished Creatures (others)
  A slave (D:5)
  A hound (D:5)
  2 worker ants (D:5)
  A howler monkey skeleton (D:5)
  An adder (D:5)
  A fungus (Gauntlet)
  7 plants
14 creatures vanquished.

Grand Total: 436 creatures vanquished

Notes
Turn   | Place    | Note
-------+----------+-------------------------------------------
     0 | D:1      | MrRokkomies the Kobold Hunter began the quest for the Orb.
     0 | D:1      | Reached XP level 1. HP: 12/12 MP: 1/1
    75 | D:1      | Reached skill level 5 in Crossbows
   116 | D:1      | Reached XP level 2. HP: 18/18 MP: 2/2
   901 | D:2      | Reached XP level 3. HP: 22/22 MP: 3/3
   907 | D:2      | Reached XP level 4. HP: 26/28 MP: 4/4
  1116 | D:2      | Found a shadowy altar of Dithmenos.
  1119 | D:2      | Became a worshipper of Dithmenos the Shadowed
  1456 | D:2      | Found a sacrificial altar of Ru.
  1457 | D:2      | Found a hide-covered altar of Uskayaw.
  1489 | D:2      | Reached skill level 1 in Short Blades
  1489 | D:2      | Reached XP level 5. HP: 32/32 MP: 5/5
  1719 | D:3      | Reached * piety under Dithmenos
  1854 | D:2      | Found a burning altar of Makhleb.
  2308 | D:4      | Found a burning altar of Makhleb.
  2329 | D:4      | Noticed an ogre
  2331 | D:4      | Noticed an ogre
  2343 | D:4      | Killed an ogre
  2343 | D:4      | Reached XP level 6. HP: 22/38 MP: 6/6
  2480 | D:4      | Killed an ogre
  2706 | D:4      | Reached XP level 7. HP: 43/43 MP: 7/7
  3227 | D:5      | Entered Level 5 of the Dungeon
  3284 | D:5      | Noticed Pikel
  3309 | D:5      | Killed Pikel
  3309 | D:5      | Reached skill level 5 in Short Blades
  3309 | D:5      | Reached skill level 5 in Stealth
  3309 | D:5      | Reached XP level 8. HP: 15/48 MP: 8/8
  3608 | D:5      | Found a shimmering altar of Xom.
  3608 | D:5      | Found a shimmering altar of Xom.
  3608 | D:5      | Found a shimmering altar of Xom.
  3609 | D:5      | Found a shimmering altar of Xom.
  3609 | D:5      | Found a shimmering altar of Xom.
  3658 | D:5      | Found a shimmering blue altar of Sif Muna.
  3805 | D:5      | Reached skill level 5 in Fighting
  3973 | D:5      | Found a sacrificial altar of Ru.
  4237 | D:6      | Found Wibreupp's Antique Armour Shop.
  4240 | D:6      | Bought a heavily runed cloak for 256 gold pieces
  4245 | D:6      | Identified the +2 cloak of the Imp {Dex+3 Stlth+} (You
                  | bought it in a shop on level 6 of the Dungeon)
  4251 | D:6      | Found a transporter.
  4292 | D:6      | Reached ** piety under Dithmenos
  4565 | D:6      | Reached XP level 9. HP: 40/54 MP: 9/9
  4568 | D:6      | Found a transporter.
  4614 | D:6      | Got a steaming dagger
  4615 | D:6      | Identified the +2 dagger of Iconoclasm {flame, rC+ Stlth+}
                  | (You found it on level 6 of the Dungeon)
  4816 | D:7      | Found a staircase to the Ecumenical Temple.
  5419 | D:7      | Found a basalt altar of Yredelemnul.
  5449 | D:7      | Reached *** piety under Dithmenos
  5896 | D:8      | Noticed a two-headed ogre
  5975 | D:8      | Found a stormy altar of Qazlal.
  6066 | D:8      | Gained mutation: You are dopey. (Int -2) [potion of
                  | mutation]
  6066 | D:8      | Gained mutation: You can translocate small distances at
                  | will. [potion of mutation]
  6073 | D:8      | Reached skill level 10 in Crossbows
  6460 | D:8      | Reached skill level 1 in Invocations
  6497 | D:8      | Killed a two-headed ogre
  6497 | D:8      | Reached XP level 10. HP: 24/61 MP: 9/12
  6893 | D:8      | Reached skill level 10 in Short Blades
  7594 | D:9      | Reached **** piety under Dithmenos
  8049 | D:9      | Found a staircase to the Orcish Mines.
  8284 | D:9      | Reached skill level 5 in Invocations
  8299 | D:9      | Reached skill level 5 in Dodging
  8384 | D:9      | Noticed Erolcha
  8434 | D:9      | Killed Erolcha
  8434 | D:9      | Reached XP level 11. HP: 31/68 MP: 14/14
  9343 | D:9      | Reached skill level 10 in Stealth
  9713 | D:10     | Entered Level 10 of the Dungeon
  9851 | D:10     | Reached ***** piety under Dithmenos
 10110 | D:10     | Noticed a wizard
 10156 | D:10     | Killed a wizard
 10953 | D:10     | Noticed a two-headed ogre
 10956 | D:10     | Killed a two-headed ogre
 10956 | D:10     | Reached skill level 1 in Evocations
 11121 | D:11     | Found a flagged portal.
 11138 | D:11     | Reached XP level 12. HP: 65/76 MP: 12/15
 11157 | Bailey   | Entered a bailey
 11298 | Bailey   | Upgraded the game from 0.25-a0-458-g6fc7858b95 to
                  | 0.25-a0-464-g3004169c2b
 11298 | Bailey   | Found a burning altar of Makhleb.
 11320 | Bailey   | Reached skill level 10 in Dodging
 11561 | D:11     | Found a staircase to the Lair.
 11562 | D:11     | Noticed a death yak
 11562 | D:11     | Noticed a death yak
 11563 | D:11     | Noticed a death yak
 11589 | D:11     | Killed a death yak
 11611 | D:11     | Killed a death yak
 11673 | D:11     | Killed a death yak
 11673 | D:11     | Reached skill level 10 in Fighting
 11922 | D:11     | Noticed a two-headed ogre
 12182 | D:11     | Killed a two-headed ogre
 12271 | D:11     | Noticed a seven-headed hydra
 12294 | D:11     | Killed a seven-headed hydra
 12547 | D:11     | Noticed a skeletal warrior
 12690 | D:11     | Identified the amulet of Mequf {Acrobat Fragile Str+6}
 12690 | D:11     | Noticed a centaur warrior
 12801 | D:11     | Killed a centaur warrior
 13372 | D:11     | Noticed an anaconda
 13376 | D:11     | Noticed a fire dragon
 13376 | D:11     | an anaconda changed into a fire dragon
 13391 | D:11     | Killed a fire dragon
 13391 | D:11     | Reached skill level 5 in Evocations
 13391 | D:11     | Reached XP level 13. HP: 37/84 MP: 6/16
 14127 | D:11     | Noticed a seven-headed hydra
 14133 | D:11     | Killed a seven-headed hydra
 14324 | D:11     | Identified the +9 trident of the Puffball {vorpal, Int+2}
 15158 | Lair:1   | Entered Level 1 of the Lair of Beasts
 15870 | Lair:2   | Noticed a seven-headed hydra
 15907 | Lair:1   | Killed a seven-headed hydra
 16315 | Lair:2   | Noticed a four-headed hydra
 16701 | Lair:2   | Noticed Maggie
 16711 | Lair:2   | Killed Maggie
 16824 | Lair:2   | Killed a four-headed hydra
 16837 | Lair:2   | Noticed a six-headed hydra
 16839 | Lair:2   | Found a staircase to the Swamp.
 16842 | Lair:2   | Killed a six-headed hydra
 17382 | Lair:2   | Noticed a catoblepas
 17516 | Lair:2   | Killed a catoblepas
 18015 | Lair:2   | Reached XP level 14. HP: 92/92 MP: 19/19
 18384 | Lair:3   | Identified the Volume of the Postmodern Shrikes
 18461 | Lair:3   | Got a pitted lead ring
 18463 | Lair:3   | Identified the ring of Cunnonud {rC+ Str+6 Dex+3 SInv} (You
                  | found it on level 3 of the Lair of Beasts)
 18790 | Lair:4   | Found a gate leading to a gauntlet.
 18806 | Gauntlet | Entered a Gauntlet
 18806 | Gauntlet | Found a transporter.
 18918 | Gauntlet | Found a transporter.
 18934 | Gauntlet | Found a transporter.
 18939 | Gauntlet | Found a transporter.
 18956 | Gauntlet | Found a transporter.
 18973 | Gauntlet | Found a transporter.
 18985 | Gauntlet | Found a transporter.
 19000 | Gauntlet | Found a transporter.
 19009 | Gauntlet | Found a transporter.
 19028 | Gauntlet | Found a transporter.
 19028 | Gauntlet | Found a transporter.
 19030 | Gauntlet | Found a transporter.
 19056 | Gauntlet | Found the +8 mithril axe "Arga" {speed, MR+}
 19058 | Gauntlet | Found a transporter.
 19089 | Gauntlet | Found a transporter.
 19107 | Gauntlet | Found a transporter.
 19126 | Gauntlet | Found a transporter.
 19152 | Gauntlet | Found a transporter.
 19288 | Gauntlet | Found a transporter.
 19644 | Gauntlet | Got a heavily runed helmet
 19655 | Gauntlet | Identified the +2 helmet of the Buccaneer {Int+4} (You
                  | found it in a Gauntlet)
 19663 | Gauntlet | Identified the cursed +2 hunting sling of Honour {freeze,
                  | MP+9 Dex+4}
 19663 | Gauntlet | Identified the ring "Moiletat" {rCorr Dex+3}
 19663 | Gauntlet | Noticed a minotaur
 19681 | Gauntlet | Slain by a minotaur

Levels and vault maps discovered:
D:1:      eino_arrival_druids_welcome, layout_basic
D:2:      lemuel_upstairs_altar, layout_loops_cross,
          chequers_temple_overflow_statue_of_worship,
          grunt_dithmenos_smoke_and_mirrors
D:3:      layout_loops_cross
D:4:      layout_loops_ring, first_ration, bloody_makhleb
D:5:      layout_loops_ring, lemuel_coloured_pillars_altar, xom_redecorated,
          basic_altar, uniq_pikel
D:6:      layout_rooms, gammafunk_ghost_gnarly_gnolls, serial_shops,
          nicolae_shop_behind_doors
D:7:      layout_rooms, yredelemnul_forgotten_temple_becter,
          minmay_temple_entry_trees, kennysheep_nub
D:8:      layout_basic, overflow_temple_1_default, small_chamber_with_monster,
          the_bakery
D:9:      layout_roguey, erik_orc_3, kennysheep_generic_room_14, uniq_erolcha
D:10:     wander_river, layout_loops_corners, special_room [special_room_bee]
D:11:     minmay_the_grid_square_5x5_5x5_mashed
          [minmay_the_grid_square_5x5_doubleslash,
          minmay_the_grid_square_5x5_trominoes,
          minmay_the_grid_square_5x5_minivault,
          minmay_the_grid_square_5x5_gyroscope, minmay_the_grid_square_5x5_mess,
          minmay_the_grid_square_5x5_shuriken,
          minmay_the_grid_square_5x5_prize_rear_guard,
          minmay_the_grid_square_5x5_bridge,
          minmay_the_grid_square_5x5_prize_waves,
          minmay_the_grid_square_5x5_checkered_sparse,
          minmay_the_grid_square_5x5_one_wall,
          minmay_the_grid_square_5x5_inner_i,
          minmay_the_grid_square_5x5_prize_gold,
          minmay_the_grid_square_5x5_beaten_path,
          minmay_the_grid_square_5x5_checkered,
          minmay_the_grid_square_5x5_six_small,
          minmay_the_grid_square_5x5_prize_junk,
          minmay_the_grid_square_5x5_percent,
          minmay_the_grid_square_5x5_prize_open,
          minmay_the_grid_square_5x5_two_small,
          minmay_the_grid_square_5x5_pentomino_r,
          minmay_the_grid_square_5x5_two_walls_b, minmay_the_grid_square_5x5_n,
          minmay_the_grid_square_5x5_corner,
          minmay_the_grid_square_5x5_dogpile], layout_cross, dpeg_lair_monsters,
          enter_bailey_2
Lair:1:   layout_regular_city, serial_bayou_pond_d, dpeg_stationary_puzzle
Lair:2:   layout_hall_layers, palyth_hydra_swamp_entry,
          infiniplex_staircase_pool_2, minmay_lair_oklob_chamber, uniq_maggie
Lair:3:   layout_chaotic_city
Lair:4:   layout_hall_layers, minmay_snake_entry_six_corridors,
          gauntlet_entry_generic
Gauntlet: gammafunk_gauntlet_one_two_three [nicolae_gauntlet_arena_quarters,
          gammafunk_gauntlet_arena_hedges, nicolae_gauntlet_arena_grate_2,
          nicolae_gauntlet_arena_blocks, gammafunk_gauntlet_arena_corners,
          nicolae_gauntlet_swirl, gammafunk_gauntlet_arena_spirals,
          nicolae_gauntlet_arena_flowing_pool, nicolae_gauntlet_arena_t_cross,
          nicolae_gauntlet_exit_dead_adventurers]

Skill      XL: |  1  2  3  4  5  6  7  8  9 10 11 12 13 14 |
---------------+-------------------------------------------+-----
Crossbows      | 5 6 8 10 | 10.0
Stealth        | 2 3 5 6 8 9 11 12 13 | 13.6
Fighting       | 3 4 5 6 7 9 11 12 13 | 13.0
Dodging        | 3 6 9 11 13 | 13.7
Short Blades   | 1 2 3 5 7 9 10 | 10.0
Invocations    | 3 5 |  5.1
Evocations     | 1 5 7 |  7.4

Action                   |  1- 3 |  4- 6 |  7- 9 | 10-12 | 13-15 || total
-------------------------+-------+-------+-------+-------+-------++-------
Melee: Dagger            |    63 |   165 |   326 |   957 |   530 ||  2041
       Short sword       |    11 |       |       |    77 |    17 ||   105
 Fire: Hand crossbow     |    11 |    11 |    71 |   123 |   144 ||   360
Throw: Throwing net      |       |       |     2 |     6 |       ||     8
       Dart              |       |       |       |     2 |     6 ||     8
Invok: Shadow Step       |       |       |       |     3 |     3 ||     6
 Abil: Blink             |       |       |       |     4 |    10 ||    14
Evoke: Lightning rod     |       |       |       |     6 |       ||     6
       Wand              |       |       |       |     1 |     4 ||     5
       Box of beasts     |       |       |       |       |     2 ||     2
       Fan of gales      |       |       |       |       |     1 ||     1
  Use: Scroll            |       |    11 |     7 |     5 |     5 ||    28
       Potion            |       |       |     4 |     2 |     3 ||     9
 Stab: Sleeping          |       |     7 |    14 |    44 |    16 ||    81
       Held in net/web   |       |       |     1 |     4 |       ||     5
       Distracted        |       |       |       |     3 |     2 ||     5
       Invisible         |       |       |       |     5 |     5 ||    10
       Paralysed         |       |       |       |       |     1 ||     1
  Eat: Chunk             |       |    10 |     8 |    24 |    13 ||    55
       Ration            |       |     1 |       |     2 |     2 ||     5
Armor: Leather armour    |    11 |       |       |       |       ||    11
       Ring mail         |    20 |    41 |    74 |   130 |    15 ||   280
       Acid dragon scale |       |       |       |       |    27 ||    27
Dodge: Dodged            |    76 |   134 |   170 |   584 |   397 ||  1361

Table legend:
 A = Non-vault XP
 B = Vault XP
 C = Vault XP percentage of total XP
 D = Non-vault monster count
 E = Vault monster count
 F = Vault count percentage of total count
                 A         B        C        D         E       F
            +---------+---------+-------+---------+---------+-------
      Total |   24993 |   26124 |  51.1 |     292 |     130 |  30.8
            +---------+---------+-------+---------+---------+-------
        D:1 |      25 |       0 |   0.0 |      15 |       0 |   0.0
        D:2 |     116 |       0 |   0.0 |      28 |       0 |   0.0
        D:3 |      62 |       0 |   0.0 |      19 |       0 |   0.0
        D:4 |     377 |       0 |   0.0 |      15 |       0 |   0.0
        D:5 |     315 |     651 |  67.4 |      10 |       1 |   9.1
        D:6 |     601 |       0 |   0.0 |      20 |       0 |   0.0
        D:7 |    1030 |       1 |   0.1 |      29 |       1 |   3.3
        D:8 |    2098 |     279 |  11.7 |      24 |       2 |   7.7
        D:9 |    2973 |    1414 |  32.2 |      40 |      20 |  33.3
       D:10 |    4079 |    1216 |  23.0 |      35 |      16 |  31.4
       D:11 |    4488 |   13766 |  75.4 |      24 |      52 |  68.4
     Lair:1 |    3598 |     527 |  12.8 |      10 |       1 |   9.1
     Lair:2 |    2966 |    5018 |  62.9 |      11 |      12 |  52.2
     Lair:3 |    2128 |       0 |   0.0 |      11 |       0 |   0.0
     Lair:4 |     137 |       0 |   0.0 |       1 |       0 |   0.0
     Bailey |       0 |    1039 | 100.0 |       0 |      16 | 100.0
   Gauntlet |       0 |    2213 | 100.0 |       0 |       9 | 100.0
            +---------+---------+-------+---------+---------+-------
